 Dungeon Crawl Stone Soup version 0.21.1-1-g345015f (webtiles) character file.

54250 Mirai the Eclecticist (level 14, -14/74 HPs)
             Began as a Deep Elf Conjurer on Apr 19, 2018.
             Was a High Priest of Vehumet.
             Killed from afar by Mirai's illusion (21 damage)
             ... with an orb of energy
             ... woven by Mara
             ... on level 3 of the Swamp.
             The game lasted 02:06:51 (21621 turns).

Mirai the Eclecticist (Deep Elf Conjurer)          Turns: 21621, Time: 02:06:51

Health: -14/74     AC: 20    Str:  5    XL:     14   Next: 33%
Magic:  3/37       EV: 11    Int: 28    God:    Vehumet [*****.]
Gold:   1111       SH:  0    Dex: 15    Spells: 15/48 levels left

rFire    + . .     SeeInvis .   y - +3 quarterstaff (drain)
rCold    . . .     Gourm    .   (shield currently unavailable)
rNeg     + + .     Faith    .   L - +5 ring mail of Minor Irritation {rElec MR+ rCorr Int-4}
rPois    +         Spirit   .   n - +0 helmet
rElec    +         Reflect  .   z - +2 cloak {MR+}
rCorr    +         Harm     .   Q - +0 pair of gloves {archery}
MR       +++..                  F - +2 pair of boots {Stlth+}
Stlth    ++........             l - amulet "Wyxt" {RegenMP +Blink rN++ Int+4}
HPRegen  0.22/turn              J - ring of wizardry
MPRegen  0.50/turn              p - ring of protection from fire

@: about to teleport, very slightly contaminated
A: repulsion field 1, iridescent scales 1, clever 1, poison resistance,
evolution 1, MP-powered wands
a: Renounce Religion, Evoke Blink


You were on level 3 of the Swamp.
You worshipped Vehumet.
Vehumet was extremely pleased with you.
You were hungry.

You visited 4 branches of the dungeon, and saw 21 of its levels.

You collected 1319 gold pieces.
You spent 208 gold pieces at shops.

Inventory:

Hand Weapons
 y - a +3 quarterstaff of draining (weapon)
Armour
 n - a +0 helmet (worn)
 t - a +2 leather armour of fire resistance
 z - a +2 cloak of magic resistance (worn)
 F - a +2 pair of boots of stealth (worn)
 L - the +5 ring mail of Minor Irritation (worn) {rElec MR+ rCorr Int-4}
   (You found it on level 3 of the Lair of Beasts)

   It affects your intelligence (-4).
   It insulates you from electricity.
   It affects your resistance to hostile enchantments.
   It protects you from acid and corrosion.
 Q - a +0 pair of gloves of archery (worn)
Magical Staves
 M - an uncursed staff of earth
Jewellery
 g - an uncursed ring of positive energy
 k - an uncursed ring of protection from cold
 l - the amulet "Wyxt" (around neck) {RegenMP +Blink rN++ Int+4}
   (You found it on level 5 of the Dungeon)

   [amulet of magic regeneration]

   It increases your magic regeneration.
   It affects your intelligence (+4).
   It greatly protects you from negative energy.
   It lets you blink.
 p - a ring of protection from fire (right hand)
 J - a ring of wizardry (left hand)
 K - an uncursed ring of flight
 P - a +4 ring of evasion
 U - an uncursed ring of magical power
Wands
 a - a wand of flame (16)
 e - a wand of clouds (4)
 f - a wand of digging (13)
 s - a wand of acid (25)
 u - a wand of paralysis (27)
 v - a wand of enslavement (12)
 N - a wand of iceblast (9)
 R - a wand of random effects (33)
Scrolls
 i - 15 scrolls of identify
 j - 4 scrolls of magic mapping
 o - 5 scrolls of amnesia
 q - 5 scrolls of remove curse
 r - 4 scrolls of fog
 x - 5 scrolls of teleportation
 C - 2 scrolls of blinking
 H - a scroll of immolation
 O - 2 scrolls of brand weapon
 T - a scroll of enchant armour
 V - a scroll of fear
Potions
 d - 2 potions of might
 h - 4 potions of haste
 m - 6 potions of curing
 w - 3 potions of brilliance
 X - a potion of mutation
Books
 b - a book of Conjurations

   Spells                             Type                      Level
   a - Magic Dart                     Conjuration                  1
   b - Searing Ray                    Conjuration                  2
   c - Dazzling Spray                 Conjuration/Hexes            3
   d - Fulminant Prism                Conjuration/Hexes            4
   e - Force Lance                    Conjuration/Translocation    4
   f - Iskenderun's Mystic Blast      Conjuration                  4
 A - a book of Frost

   Spells                             Type                      Level
   a - Freeze                         Ice                          1
   b - Throw Frost                    Conjuration/Ice              2
   c - Ozocubu's Armour               Charms/Ice                   3
   d - Throw Icicle                   Conjuration/Ice              4
   e - Summon Ice Beast               Ice/Summoning                4
 D - a book of Unlife

   Spells                             Type                      Level
   a - Recall                         Summoning/Translocation      3
   b - Animate Dead                   Necromancy                   4
   c - Borgnjor's Vile Clutch         Necromancy/Earth             5
   d - Death Channel                  Necromancy                   6
   e - Simulacrum                     Ice/Necromancy               6
 E - a book of Air

   Spells                             Type                      Level
   a - Shock                          Conjuration/Air              1
   b - Swiftness                      Charms/Air                   2
   c - Static Discharge               Conjuration/Air              3
   d - Airstrike                      Air                          4
   e - Lightning Bolt                 Conjuration/Air              5
 G - a book of Unlife

   Spells                             Type                      Level
   a - Recall                         Summoning/Translocation      3
   b - Animate Dead                   Necromancy                   4
   c - Borgnjor's Vile Clutch         Necromancy/Earth             5
   d - Death Channel                  Necromancy                   6
   e - Simulacrum                     Ice/Necromancy               6
 I - a book of Enchantments

   Spells                             Type                      Level
   a - Cause Fear                     Hexes                        4
   b - Yara's Violent Unravelling     Hexes/Transmutation          5
   c - Silence                        Hexes/Air                    5
   d - Deflect Missiles               Charms/Air                   6
   e - Discord                        Hexes                        8
 S - a book of Party Tricks

   Spells                             Type                      Level
   a - Summon Butterflies             Summoning                    1
   b - Apportation                    Translocation                1
   c - Lesser Beckoning               Translocation                3
   d - Tukima's Dance                 Hexes                        3
   e - Alistair's Intoxication        Transmutation/Poison         5
   f - Invisibility                   Hexes                        6
Miscellaneous
 B - a phial of floods
Comestibles
 c - 42 rations


   Skills:
 + Level 3.5 Fighting
 - Level 2.4 Dodging
 - Level 2.4 Stealth
 * Level 17.8 Spellcasting
 + Level 11.9 Conjurations
 * Level 13.5 Hexes
 + Level 11.5 Fire Magic
 + Level 10.5 Evocations


You had 15 spell levels left.
You knew the following spells:

 Your Spells              Type           Power        Failure   Level  Hunger
a - Magic Dart            Conj           ####         1%          1    None
b - Searing Ray           Conj           ######       1%          2    None
c - Iskenderun's Mystic   Conj           #######.     1%          4    None
d - Fulminant Prism       Conj/Hex       #######...   1%          4    None
e - Flame Tongue          Conj/Fire      #####        1%          1    None
f - Throw Icicle          Conj/Ice       ######..     1%          4    None
g - Bolt of Fire          Conj/Fire      ######....   1%          6    ##.....
h - Discord               Hex            #######...   61%         8    ######.
i - Tukima's Dance        Hex            #######.     1%          3    None


Dungeon Overview and Level Annotations

Branches:
Dungeon (11/15)            Temple (1/1) D:5            Lair (6/6) D:8
  Swamp (3/4) Lair:3        Snake (0/4) Lair:4        Slime (0/5) Lair:5
    Orc: D:9-12

Altars:
Ashenzari
Cheibriados
Fedhas
Kikubaaqudgha
Makhleb
Nemelex Xobeh
Okawaru
Qazlal
Ru
Sif Muna
Trog
Uskayaw
Vehumet
Wu Jian
Xom
Yredelemnul
Zin
The Shining One
Jiyva

Shops:
D:6 ?   D:8 !   D:9 *

Annotations:
Swamp:3 Mara


Innate Abilities, Weirdness & Mutations

You are surrounded by a mild repulsion field. (EV +2)
You are partially covered in iridescent scales. (AC +2)
Your mind is acute. (Int +2)
Your system is resistant to poisons. (rPois)
You evolve.
You expend magic power (3 MP) to strengthen your wands.


Message History

Casting: Iskenderun's Mystic Blast
Confirm with . or Enter, or press ? or * to list all spells.
You don't have enough magic to cast that spell.
Mara says, "Entranced by some poetic flight, are you?"
Mara blinks!
Mara hits you from afar with a demon trident of electrocution!
Unknown command.
As you read the scroll of teleportation, it crumbles to dust.
You feel strangely unstable.
Mara hits you from afar with a demon trident of electrocution!!
* * * LOW HITPOINT WARNING * * *
Okay, then.
Okay, then.
Blink to where?
Press: ? - help, Dir - move target cursor, p - Mara You are very lightly contaminated with residual magic.
As you read the scroll of blinking, it crumbles to dust.
Mirai's illusion points at you and mumbles some strange words.
The orb of energy hits you!
You die...

♣..♣.≈♣).♣.♣..♣♣♣♣♣...♣♣♣
♣♣.♣..♣♣.♣♣..♣♣♣♣♣≈♣≈.♣♣♣
♣.≈.≈.≈♣♣♣♣♣...♣.♣♣♣≈♣♣.
♣♣.≈≈≈♣♣..♣♣.♣♣.....≈...≈
♣.≈≈≈≈.≈≈♣..♣♣♣♣...≈..≈.≈ ≈.
♣♣≈.≈....≈..≈.≈<♣..≈.♣♣.♣
≈♣≈♣ ♣...≈♣≈(≈≈.≈§≈.≈≈.♣♣♣♣♣♣
♣≈≈.♣♣♣..≈≈≈.≈≈≈.≈≈.♣♣>♣♣ ♣
..≈≈.♣...≈≈≈@≈≈.♣≈≈≈♣♣..♣♣♣ ♣
≈≈≈.≈≈≈≈≈≈.≈≈♣♣♣♣.♣.♣.≈≈(.♣♣♣
≈≈≈..≈.≈≈≈.♣♣.♣♣♣.≈≈.≈≈≈≈≈≈≈≈
[≈≈.≈≈.≈♣.≈..♣♣♣).≈≈♣.≈...≈.≈
≈...♣§RR@§≈..♣♣♣≈≈§.♣.≈≈≈≈≈≈≈
.♣♣♣..≈R≈≈≈.≈.♣..≈§♣♣≈≈.♣..♣♣
♣♣..≈.......≈≈.♣♣♣.≈♣≈≈♣♣
♣.≈≈≈≈.≈≈≈≈≈≈≈.♣♣♣≈..♣♣
♣.≈≈≈≈≈≈♣≈♣...♣♣ ♣≈≈♣♣


You could see 3 Maras and Mirai's illusion.

Vanquished Creatures
  6 hydras
  2 two-headed ogres
  3 catoblepae (Lair:6)
  A ghost crab (Swamp:1)
  2 alligators
  7 death yaks (Lair:6)
  4 spriggans
  Sonja (Lair:1)
  A fire crab (Lair:6)
  Pikel (D:5)
  A lindwurm (Lair:5)
  2 shambling mangroves
  A swamp dragon (Swamp:1)
  5 ugly things
  2 manticores (Lair:6)
  An oklob plant (Lair:1)
  4 elephants (Lair:5)
  4 black mambas
  4 spiny frogs
  7 komodo dragons
  4 tyrant leeches
  A polar bear (Lair:6)
  8 hornets
  2 bog bodies
  10 blink frogs
  11 hippogriffs
  Sigmund (D:2)
  2 shadows (Swamp:1)
  42 yaks
  2 basilisks
  3 hungry ghosts
  10 vampire mosquitoes
  Menkaure (D:6)
  Edmund (D:5)
  17 swamp worms
  Duvessa (D:6)
  11 porcupines
  15 water moccasins
  2 sky beasts
  2 swamp drakes
  A slave (D:5)
  2 black bears
  5 ice beasts
  2 phantoms
  3 orc warriors
  7 ogres
  3 centaurs
  14 crocodiles
  16 bullfrogs
  A gnoll sergeant (D:7)
  A wyvern skeleton (D:6)
  Dowan (D:6)
  4 scorpions
  An electric eel (Lair:2)
  2 howler monkeys
  3 wights
  5 crimson imps
  A quasit (D:10)
  Crazy Yiuf (D:7)
  5 hounds
  6 orc priests
  A gnoll shaman (D:7)
  3 jellies
  6 orc wizards
  4 centaur skeletons
  Jessica (D:2)
  3 iguanas
  Ijyb (D:5)
  6 worker ants
  A hound zombie (D:7)
  2 hound skeletons
  A worker ant zombie (D:5)
  13 gnolls
  17 adders
  2 shadow imps
  An ooze (D:6)
  An adder skeleton (D:4)
  3 worms
  A dart slug (D:3)
  6 leopard geckos
  66 orcs
  5 ball pythons
  3 giant cockroaches
  10 goblins
  11 hobgoblins
  15 jackals
  6 quokkas
  5 bats
  4 frilled lizards
  9 kobolds
  11 rats
  2 bushes (Lair:1)
  2 fungi
  10 plants (Lair:1)
521 creatures vanquished.

Vanquished Creatures (others)
  A leopard gecko (D:5)
  43 fulminant prisms
  5 fungi
  7 plants
56 creatures vanquished.

Grand Total: 577 creatures vanquished

Notes
Turn   | Place    | Note
-------+----------+-------------------------------------------
     0 | D:1      | Mirai the Deep Elf Conjurer began the quest for the Orb.
     0 | D:1      | Reached XP level 1. HP: 10/10 MP: 6/6
   269 | D:1      | Reached XP level 2. HP: 9/15 MP: 3/8
   793 | D:2      | Reached skill level 4 in Spellcasting
   810 | D:2      | Noticed Sigmund
   811 | D:2      | Noticed Jessica
   819 | D:2      | Learned a level 2 spell: Searing Ray
   995 | D:2      | Killed Jessica
   995 | D:2      | Reached XP level 3. HP: 19/19 MP: 7/11
  1266 | D:2      | Killed Sigmund
  1266 | D:2      | Reached skill level 6 in Spellcasting
  1266 | D:2      | Reached skill level 5 in Conjurations
  1266 | D:2      | Reached XP level 4. HP: 5/24 MP: 6/14
  1266 | D:2      | Reached XP level 5. HP: 5/28 MP: 6/16
  2108 | D:3      | Reached skill level 7 in Spellcasting
  2167 | D:3      | Found a glowing silver altar of Zin.
  2227 | D:3      | Reached XP level 6. HP: 12/32 MP: 5/18
  2338 | D:3      | Learned a level 4 spell: Iskenderun's Mystic Blast
  2343 | D:3      | Learned a level 4 spell: Fulminant Prism
  2637 | D:3      | HP: 1/32 [orc priest/hand axe (5)]
  2920 | D:3      | Found an ancient bone altar of Kikubaaqudgha.
  2982 | D:4      | Reached skill level 1 in Hexes
  2982 | D:4      | Reached skill level 1 in Evocations
  3150 | D:4      | Reached skill level 8 in Spellcasting
  3182 | D:4      | Reached XP level 7. HP: 36/36 MP: 2/20
  4039 | D:5      | Entered Level 5 of the Dungeon
  4126 | D:5      | Found a staircase to the Ecumenical Temple.
  4127 | D:5      | Noticed Ijyb
  4138 | D:5      | Killed Ijyb
  4153 | Temple   | Entered the Ecumenical Temple
  4184 | Temple   | Became a worshipper of Vehumet
  4332 | D:5      | Got a steaming tin amulet
  4333 | D:5      | Identified the amulet "Wyxt" {RegenMP +Blink rN++ Int+4} (You found it on level 5 of the Dungeon)
  4468 | D:5      | Noticed Edmund
  4477 | D:5      | Killed Edmund
  4477 | D:5      | Reached skill level 9 in Spellcasting
  4769 | D:5      | Noticed Pikel
  4776 | D:5      | Killed Pikel
  4776 | D:5      | Reached skill level 10 in Spellcasting
  4776 | D:5      | Reached XP level 8. HP: 18/41 MP: 16/24
  5125 | D:5      | Reached skill level 5 in Hexes
  5530 | D:6      | Found Bonotzai's Magic Scroll Emporium.
  5653 | D:6      | Noticed Dowan
  5666 | D:6      | Killed Dowan
  5673 | D:6      | Reached * piety under Vehumet
  5673 | D:6      | Offered knowledge of Freeze by Vehumet.
  5719 | D:6      | Reached XP level 9. HP: 41/45 MP: 21/25
  5774 | D:6      | Noticed Duvessa
  5783 | D:6      | Killed Duvessa
  5783 | D:6      | Reached skill level 11 in Spellcasting
  6101 | D:6      | Noticed Menkaure
  6110 | D:6      | Killed Menkaure
  6692 | D:7      | Reached skill level 5 in Evocations
  7083 | D:7      | Offered knowledge of Flame Tongue by Vehumet.
  7086 | D:7      | Learned a level 1 spell: Flame Tongue
  7087 | D:7      | Reached ** piety under Vehumet
  7413 | D:7      | Reached skill level 1 in Fire Magic
  7562 | D:7      | Found a runed door.
  7566 | D:7      | Noticed Crazy Yiuf
  7573 | D:7      | Killed Crazy Yiuf
  7637 | D:8      | Reached skill level 12 in Spellcasting
  7667 | D:8      | Noticed a two-headed ogre
  7677 | D:8      | HP: 2/45 [two-headed ogre/giant club (18)]
  7678 | D:8      | Killed a two-headed ogre
  7937 | D:8      | Reached XP level 10. HP: 34/50 MP: 28/28
  7977 | D:8      | Found a staircase to the Lair.
  8280 | D:8      | Offered knowledge of Mephitic Cloud by Vehumet.
  8364 | D:8      | Found Asuczy's Distillery.
  8372 | D:8      | Bought a potion of mutation for 104 gold pieces
  8376 | D:8      | Gained mutation: You have large cloven feet. [potion of mutation]
  8376 | D:8      | Gained mutation: Your flesh is cold resistant. (rC+) [potion of mutation]
  8378 | D:8      | Bought a potion of mutation for 104 gold pieces
  8541 | D:8      | Lost mutation: You have large cloven feet. [potion of mutation]
  8541 | D:8      | Lost mutation: Your flesh is cold resistant. (rC+) [potion of mutation]
  8541 | D:8      | Gained mutation: You evolve. [potion of mutation]
  8541 | D:8      | Gained mutation: You are partially covered in iridescent scales. (AC +2) [potion of mutation]
  8566 | D:9      | Found Sic Yteu's General Store.
  8679 | D:9      | Reached *** piety under Vehumet
  8693 | D:9      | Reached skill level 13 in Spellcasting
  8874 | D:9      | Reached skill level 5 in Fire Magic
  9371 | D:10     | Entered Level 10 of the Dungeon
  9383 | D:10     | Learned a level 4 spell: Throw Icicle
  9481 | D:10     | Offered knowledge of Sticky Flame by Vehumet.
 10527 | D:11     | Noticed a two-headed ogre
 10573 | D:11     | Noticed a green ugly thing
 10575 | D:11     | Reached XP level 11. HP: 53/54 MP: 15/30
 10577 | D:11     | Killed a two-headed ogre
 10654 | D:11     | Reached **** piety under Vehumet
 10816 | D:11     | Killed a green ugly thing
 10816 | D:11     | Offered knowledge of Stone Arrow by Vehumet.
 11420 | Lair:1   | Entered Level 1 of the Lair of Beasts
 11471 | Lair:1   | Noticed Sonja
 11479 | Lair:1   | Noticed a six-headed hydra
 11629 | Lair:1   | Killed a six-headed hydra
 11629 | Lair:1   | Reached skill level 14 in Spellcasting
 11723 | Lair:1   | Gained mutation: Your system is resistant to poisons. (rPois) [evolution]
 11984 | Lair:1   | Found a blossoming altar of Fedhas.
 11998 | Lair:1   | Noticed an oklob plant
 12120 | Lair:1   | Killed an oklob plant
 12744 | Lair:1   | Killed Sonja
 12744 | Lair:1   | Reached skill level 10 in Conjurations
 13874 | Lair:2   | Gained mutation: You expend magic power (3 MP) to strengthen your wands. [evolution]
 13969 | Lair:2   | Reached XP level 12. HP: 33/59 MP: 20/32
 14263 | Lair:3   | Reached skill level 15 in Spellcasting
 14263 | Lair:3   | Reached skill level 10 in Hexes
 14291 | Lair:3   | Noticed a six-headed hydra
 14309 | Lair:3   | Killed a six-headed hydra
 14542 | Lair:3   | Noticed a six-headed hydra
 14548 | Lair:3   | Killed a six-headed hydra
 14624 | Lair:3   | Got a transparent ring mail
 15024 | Lair:3   | Found a staircase to the Swamp.
 15183 | Lair:3   | Identified the +5 ring mail of Minor Irritation {rElec MR+ rCorr Int-4} (You found it on level 3 of the Lair of Beasts)
 15293 | Lair:3   | Reached ***** piety under Vehumet
 15293 | Lair:3   | Offered knowledge of Bolt of Fire by Vehumet.
 15304 | Lair:3   | Learned a level 6 spell: Bolt of Fire
 15741 | Lair:4   | Found a staircase to the Snake Pit.
 16312 | Lair:5   | Reached skill level 10 in Fire Magic
 16384 | Lair:5   | Found a staircase to the Slime Pits.
 16385 | Lair:5   | Found a viscous altar of Jiyva.
 16553 | Lair:5   | Reached skill level 16 in Spellcasting
 16577 | Lair:5   | Noticed a seven-headed hydra
 16583 | Lair:5   | Killed a seven-headed hydra
 17127 | Lair:5   | Reached XP level 13. HP: 54/63 MP: 26/35
 17470 | Lair:5   | Gained mutation: Your mind is acute. (Int +2) [evolution]
 17520 | Lair:5   | Learned a level 8 spell: Discord
 17521 | Lair:6   | Entered Level 6 of the Lair of Beasts
 17753 | Lair:6   | Reached skill level 1 in Fighting
 18346 | Lair:6   | Reached skill level 10 in Evocations
 18347 | Lair:6   | Reached skill level 17 in Spellcasting
 18760 | Lair:6   | Learned a level 3 spell: Tukima's Dance
 19114 | Swamp:1  | Entered Level 1 of the Swamp
 19882 | Lair:3   | Gained mutation: You are surrounded by a mild repulsion field. (EV +2) [evolution]
 20053 | Swamp:1  | Reached XP level 14. HP: 72/72 MP: 30/37
 21410 | Swamp:3  | Noticed Mara
 21616 | Swamp:3  | Noticed Mirai's illusion
 21621 | Swamp:3  | Killed from afar by Mirai's illusion

Skill      XL: |  1  2  3  4  5  6  7  8  9 10 11 12 13 14 |
---------------+-------------------------------------------+-----
Spellcasting   | 4 6 7 8 10 12 13 14 16 17 | 17.8
Conjurations   | 5 6 7 8 9 10 11 | 11.9
Hexes          | 1 4 5 7 8 9 11 12 13 | 13.5
Evocations     | 1 3 4 6 7 8 9 10 | 10.5
Fire Magic     | 3 6 8 10 11 | 11.5
Fighting       | 2 3 |  3.5
Dodging        | |  2.4
Stealth        | |  2.4

Action                   |  1- 3 |  4- 6 |  7- 9 | 10-12 | 13-15 || total
-------------------------+-------+-------+-------+-------+-------++-------
Melee: Unarmed           |     1 |       |       |       |       ||     1
       Dagger            |     3 |     4 |       |       |       ||     7
       Hand axe          |       |    15 |     4 |       |       ||    19
       Quarterstaff      |       |       |       |    15 |    11 ||    26
 Cast: Magic Dart        |    48 |    78 |    80 |    36 |    16 ||   258
       Searing Ray       |     4 |    16 |    67 |    38 |     5 ||   130
       Fulminant Prism   |       |     2 |     9 |    26 |     6 ||    43
       Iskenderun's Myst |       |     1 |     7 |   162 |    22 ||   192
       Throw Icicle      |       |       |       |    74 |    11 ||    85
       Bolt of Fire      |       |       |       |    55 |   159 ||   214
       Flame Tongue      |       |       |       |     1 |       ||     1
 Abil: Evoke Blink       |       |       |       |     7 |     6 ||    13
Evoke: Wand              |       |       |       |     6 |     2 ||     8
  Use: Potion            |     4 |     4 |     2 |     5 |     3 ||    18
       Scroll            |       |       |    11 |     8 |     9 ||    28
  Eat: Chunk             |     1 |     6 |    14 |    32 |    14 ||    67
       Ration            |       |       |       |     2 |     3 ||     5
Armor: Robe              |       |     4 |     7 |       |       ||    11
       Leather armour    |       |       |     8 |    53 |       ||    61
       Ring mail         |       |       |       |    13 |    73 ||    86
Dodge: Dodged            |    18 |    27 |    65 |    88 |    50 ||   248
